 Dungeon Crawl Stone Soup version 0.24-a0-446-g87df720 (webtiles) character file.

Game seed: 3815031561014674987

31 MatthieuS the Insei (level 3, 0/26 HPs)
             Began as a Merfolk Transmuter on June 23, 2019.
             Succumbed to an adder's poison
             ... on level 2 of the Dungeon.
             The game lasted 00:02:29 (1270 turns).

MatthieuS the Insei (Merfolk Transmuter)            Turns: 1270, Time: 00:02:29

Health: 0/26       AC:  3    Str: 15    XL:     3   Next: 22%
Magic:  5/6        EV: 12    Int: 13    God:
Gold:   50         SH:  0    Dex: 14    Spells: 0/6 levels left

rFire    . . .     SeeInvis .     - Unarmed
rCold    . . .     Gourm    .   (no shield)
rNeg     . . .     Faith    .   h - +0 leather armour (curse)
rPois    .         Spirit   .   (no helmet)
rElec    .         Reflect  .   (no cloak)
rCorr    .         Harm     .   (no gloves)
MR       ++...                  (no boots)
Stlth    +.........             (no amulet)
HPRegen  0.08/turn              l - ring of protection from magic
MPRegen  0.10/turn              p - ring of protection from magic

@: mighty, lethally poisoned (0 -> -2), flying
A: change form in water, swift swim, stealthy swim
a: no special abilities


You were on level 2 of the Dungeon.
You were not hungry.

You visited 1 branch of the dungeon, and saw 2 of its levels.

You collected 50 gold pieces.

Inventory:

Missiles
 a - 10 arrows
Armour
 d - a +0 ring mail
   (You found it on level 1 of the Dungeon)
 h - a cursed +0 leather armour (worn)
   (You found it on level 1 of the Dungeon)
Jewellery
 l - a ring of protection from magic (left hand)
   (You found it on level 1 of the Dungeon)
 p - a ring of protection from magic (right hand)
   (You found it on level 1 of the Dungeon)
Scrolls
 b - a scroll of remove curse {unknown}
 c - a scroll of amnesia {unknown}
 f - 7 scrolls of identify {unknown}
 i - a scroll of noise {unknown}
 k - a scroll of teleportation {unknown}
 m - a scroll of fear {unknown}
 n - a scroll of enchant armour {unknown}
Comestibles
 e - 5 rations


   Skills:
 - Level 1.1 Fighting
 - Level 2.6 Dodging
 * Level 4.1 Unarmed Combat
 + Level 2.3 Spellcasting
 + Level 3.3 Transmutations


You couldn't memorise any spells.
You knew the following spells:

 Your Spells              Type           Power        Failure   Level  Hunger
a - Beastly Appendage     Tmut           ##....       8%          1    #......
b - Sticks to Snakes      Tmut           ##......     12%         2    ###....
x - Spider Form           Tmut/Pois      #.........   43%         3    ###....

Your spell library contained the following spells:

 Spells                   Type           Power        Failure   Level  Hunger
 Ice Form                 Ice/Tmut       #.......     83%         4    #####..
 Blade Hands              Tmut           ##........   91%         5    ######.


Dungeon Overview and Level Annotations

Branches:
Dungeon (2/15)

Altars:


Message History

Your adder closely misses the adder.
The hobgoblin hits you.
* * * LOW HITPOINT WARNING * * *
Your adder bites the adder.
You barely miss the adder.
You feel sick. The adder misses you.
Your adder closely misses the adder.
Your adder bites the adder.
The hobgoblin barely misses you. The adder bites you.
* * * LOW HITPOINT WARNING * * *
Your adder barely misses the adder.
Your adder bites the adder.
The adder dies!
Your adder bites the hobgoblin.
You hit the hobgoblin.
You kill the hobgoblin!
* * * LOW HITPOINT WARNING * * *
You feel sick.
* * * LOW HITPOINT WARNING * * *
You feel sick.
There is a stone staircase leading up, spattered with blood here.
You see here a hobgoblin corpse.
You butcher the hobgoblin corpse.
There is a stone staircase leading up, spattered with blood here.
Things that are here:
2 chunks of flesh; a hobgoblin skeleton It was a potion of might.
You feel very mighty all of a sudden.
* * * LOW HITPOINT WARNING * * *
You feel sick.
It was a potion of flight.
You feel very buoyant.
You fly up into the air.
Unknown command.
* * * LOW HITPOINT WARNING * * *
You feel sick.
* * * LOW HITPOINT WARNING * * *
You feel sick.
Unknown command.
* * * LOW HITPOINT WARNING * * *
You feel sick.
Unknown command.
Unknown command.
* * * LOW HITPOINT WARNING * * *
You feel sick.
Unknown command.
Unknown command.
Unknown command.
* * * LOW HITPOINT WARNING * * *
You feel sick.
Unknown command.
Your adder withers and dies!
Unknown command.
You die...

#. #.
?##.###.#
........#+##
...........#
...........#
...........#
...........#
........S..#
.......@...#
.........(.#
......$....#
...........#
...........#
.!.........#
############


You could see a friendly adder.

Vanquished Creatures
  2 leopard geckos (D:1)
  A giant cockroach (D:1)
  5 goblins (D:1)
  2 hobgoblins
  2 bats (D:1)
  4 frilled lizards (D:1)
  5 kobolds (D:1)
  3 rats (D:1)
24 creatures vanquished.

Vanquished Creatures (collateral kills)
  An adder (D:2)
1 creature vanquished.

Grand Total: 25 creatures vanquished

Notes
Turn   | Place    | Note
-------+----------+-------------------------------------------
     0 | D:1      | MatthieuS the Merfolk Transmuter began the quest for the
                  | Orb.
     0 | D:1      | Reached XP level 1. HP: 15/15 MP: 3/3
   421 | D:1      | Reached XP level 2. HP: 21/21 MP: 3/5
   901 | D:1      | Reached skill level 4 in Unarmed Combat
   901 | D:1      | Reached XP level 3. HP: 26/26 MP: 4/6
  1235 | D:1      | Learned a level 2 spell: Sticks to Snakes
  1239 | D:1      | Learned a level 3 spell: Spider Form
  1266 | D:2      | HP: 1/26 [poisoned by an adder]
  1270 | D:2      | Succumbed to an adder's poison

Levels and vault maps discovered:
D:1:      minmay_arrival_five_plusses, layout_basic, chequers_big_river
D:2:      layout_basic, yredelemnul_forgotten_temple_becter, uniq_jessica

Skill      XL: |  1  2 |
---------------+-------+-----
Transmutations | 3 |  3.3
Unarmed Combat | 4 |  4.1
Fighting       | |  1.1
Dodging        | |  2.6
Spellcasting   | |  2.3

Action                   || total
-------------------------++-------
Melee: Unarmed           ||    62
       Headbutt          ||     6
       Tailslap          ||     1
 Cast: Beastly Appendage ||    11
       Sticks to Snakes  ||     2
  Use: Potion            ||     2
  Eat: Chunk             ||     1
Armor: Leather armour    ||    10
Dodge: Dodged            ||    56

Table legend:
 A = Non-vault XP
 B = Vault XP
 C = Vault XP percentage of total XP
 D = Non-vault monster count
 E = Vault monster count
 F = Vault count percentage of total count
                 A         B        C        D         E       F
            +---------+---------+-------+---------+---------+-------
      Total |      45 |       0 |   0.0 |      25 |       0 |   0.0
            +---------+---------+-------+---------+---------+-------
        D:1 |      37 |       0 |   0.0 |      23 |       0 |   0.0
        D:2 |       8 |       0 |   0.0 |       2 |       0 |   0.0
            +---------+---------+-------+---------+---------+-------
